TOP OF THE 1ST |
Jacksonville Suns batting - Pitching for Mississippi Braves : RHP Andy Kiefer
|
Pitching: RHP Andy Kiefer
|
|
Batting: RHB Boof Howell
|
0-0: Ball 1-0: Fly out, F9 (Flyball, 89M, EV 94.4 MPH)
|
Batting: RHB Miguel Velasco
|
0-0: Called Strike 0-1: Foul Ball, location: 2F 0-2: Foul Ball, location: 2F 0-2: Fly out, F8 (Flyball, 89M, EV 90.0 MPH)
|
Batting: LHB Matt McKeon
|
0-0: Ball 1-0: Ball 2-0: Ball 3-0: Base on Balls
|
Batting: RHB Akira Suzuki
|
0-0: Ground out 1-3 (Groundball, 23, EV 73.1 MPH)
|
Top of the 1st over - 0 runs, 0 hits, 0 errors, 1 left on base; Jacksonville 0 - Mississippi 0 |
BOTTOM OF THE 1ST |
Mississippi Braves batting - Pitching for Jacksonville Suns : RHP Jorge Lara
|
Pitching: RHP Jorge Lara
|
|
Batting: LHB Sal Fernandez
|
0-0: Ball 1-0: Foul Ball, location: 2F 1-1: Swinging Strike 1-2: Ball 2-2: SINGLE (Groundball, 4, EV 104.4 MPH)
|
Batting: RHB Justin Reich
|
0-0: Ball 1-0: Foul Ball, location: 2F 1-1: Called Strike Sal Fernandez steals 2nd base 1-2: Ball 2-2: Foul Ball, location: 2F 2-2: Ball 3-2: Fly out, F7 (Flyball, 78M, EV 93.8 MPH)
|
Batting: LHB Art D'Ascenzo
|
0-0: Called Strike 0-1: Ball 1-1: Swinging Strike 1-2: Strikes out swinging
|
Batting: RHB Yojiro Hayashi
|
0-0: Called Strike 0-1: Foul Ball, location: 2F 0-2: Ground out 4-3 (Groundball, 4M, EV 88.1 MPH)
|
Bottom of the 1st over - 0 runs, 1 hit, 0 errors, 1 left on base; Jacksonville 0 - Mississippi 0 |
TOP OF THE 2ND |
Jacksonville Suns batting - Pitching for Mississippi Braves : RHP Andy Kiefer
|
Batting: LHB Dong-u Chang
|
0-0: Ball 1-0: Ball 2-0: Called Strike 2-1: Swinging Strike 2-2: Foul Ball, location: 2F 2-2: Ball 3-2: Strikes out swinging
|
Batting: RHB Larry LeFever
|
0-0: Ball 1-0: Swinging Strike 1-1: Ball 2-1: Foul Ball, location: 2F 2-2: Strikes out swinging
|
Batting: RHB Tom Thompson
|
0-0: Foul Ball, location: 2F 0-1: Called Strike 0-2: Ball 1-2: Strikes out swinging
|
Top of the 2nd over - 0 runs, 0 hits, 0 errors, 0 left on base; Jacksonville 0 - Mississippi 0 |
BOTTOM OF THE 2ND |
Mississippi Braves batting - Pitching for Jacksonville Suns : RHP Jorge Lara
|
Batting: SHB Jose Melendez
|
0-0: SINGLE (Flyball, 7LS, EV 83.8 MPH)
|
Batting: RHB Hieronim Rutkowski
|
0-0: Ball 1-0: Ball 2-0: Fly out, F9 (Flyball, 9LS, EV 90.0 MPH)
|
Batting: RHB Jose Ramos
|
0-0: Ball Jose Melendez is caught stealing 2nd base 2-4 1-0: Ball 2-0: Foul Ball, location: 2F 2-1: Ball 3-1: SINGLE (Groundball, 56D, EV 101.2 MPH)
|
Batting: RHB Jordan Martin
|
0-0: Called Strike Jose Ramos is caught stealing 2nd base 2-4
|
Bottom of the 2nd over - 0 runs, 2 hits, 0 errors, 0 left on base; Jacksonville 0 - Mississippi 0 |
TOP OF THE 3RD |
Jacksonville Suns batting - Pitching for Mississippi Braves : RHP Andy Kiefer
|
Batting: LHB Orlando Rivera
|
0-0: Ball 1-0: Called Strike 1-1: Swinging Strike 1-2: Strikes out looking
|
Batting: RHB Alberto Bravo
|
0-0: Ball 1-0: Fly out, F8 (Flyball, 8RD, EV 98.1 MPH)
|
Batting: RHB Boof Howell
|
0-0: Ball 1-0: Called Strike 1-1: Called Strike 1-2: Strikes out swinging
|
Top of the 3rd over - 0 runs, 0 hits, 0 errors, 0 left on base; Jacksonville 0 - Mississippi 0 |
BOTTOM OF THE 3RD |
Mississippi Braves batting - Pitching for Jacksonville Suns : RHP Jorge Lara
|
Batting: RHB Jordan Martin
|
0-0: SINGLE (Groundball, 4MD, EV 103.1 MPH)
|
Batting: RHB Alex Velasquez
|
0-0: Foul Ball, location: 2F 0-1: Foul Ball, location: 2F 0-2: Foul Ball, location: 2F 0-2: Ball 1-2: Strikes out swinging
|
Batting: LHB Sal Fernandez
|
0-0: Foul Ball, location: 2F 0-1: Ball 1-1: Ball 2-1: Called Strike 2-2: Foul Ball, location: 2F 2-2: Ball 3-2: Fly out, F4 (Line Drive, 34D, EV 68.8 MPH) Lined into DP, 4-3 (Line Drive, 34D, EV 69.4 MPH)
|
Bottom of the 3rd over - 0 runs, 1 hit, 0 errors, 0 left on base; Jacksonville 0 - Mississippi 0 |
TOP OF THE 4TH |
Jacksonville Suns batting - Pitching for Mississippi Braves : RHP Andy Kiefer
|
Batting: RHB Miguel Velasco
|
0-0: Called Strike 0-1: Ball 1-1: Foul Ball, location: 2F 1-2: SINGLE (Line Drive, 5D, EV 100.6 MPH)
|
Batting: LHB Matt McKeon
|
0-0: Called Strike 0-1: Ball 1-1: Ball 2-1: Foul Ball, location: 2F 2-2: Ball 3-2: Fielders Choice at 2nd, 4-6 (Groundball, 34S, EV 80.0 MPH)
|
Batting: RHB Akira Suzuki
|
0-0: Ball 1-0: Fly out, F8 (Flyball, 8LXD, EV 93.8 MPH)
|
Batting: LHB Dong-u Chang
|
0-0: Ball 1-0: Called Strike 1-1: Called Strike 1-2: Strikes out looking
|
Top of the 4th over - 0 runs, 1 hit, 0 errors, 1 left on base; Jacksonville 0 - Mississippi 0 |
BOTTOM OF THE 4TH |
Mississippi Braves batting - Pitching for Jacksonville Suns : RHP Jorge Lara
|
Batting: RHB Justin Reich
|
0-0: Ball 1-0: Ball 2-0: Foul Ball, location: 2F 2-1: Ball 3-1: Foul Ball, location: 2F 3-2: Ground out 5-3 (Groundball, 5S, EV 80.6 MPH)
|
Batting: LHB Art D'Ascenzo
|
0-0: Ball 1-0: SINGLE (Groundball, 4MD, EV 98.1 MPH)
|
Batting: RHB Yojiro Hayashi
|
0-0: Called Strike 0-1: Ball 1-1: Ball 2-1: Grounds into double play, 6-4-3 (Groundball, 6, EV 87.5 MPH)
|
Bottom of the 4th over - 0 runs, 1 hit, 0 errors, 0 left on base; Jacksonville 0 - Mississippi 0 |
TOP OF THE 5TH |
Jacksonville Suns batting - Pitching for Mississippi Braves : RHP Andy Kiefer
|
Batting: RHB Larry LeFever
|
0-0: Swinging Strike 0-1: Ball 1-1: Called Strike 1-2: Strikes out swinging
|
Batting: RHB Tom Thompson
|
0-0: Foul Ball, location: 2F 0-1: SINGLE (Groundball, 5S, EV 73.1 MPH) (infield hit)
|
Batting: LHB Orlando Rivera
|
0-0: Ball Tom Thompson steals 2nd, throwing error, E2 Tom Thompson to third 1-0: Swinging Strike 1-1: Swinging Strike 1-2: Foul Ball, location: 2F 1-2: Strikes out swinging
|
Batting: RHB Alberto Bravo
|
0-0: Ball 1-0: Ball 2-0: Ball 3-0: Called Strike 3-1: Fly out, F8 (Flyball, 8RD, EV 105.6 MPH)
|
Top of the 5th over - 0 runs, 1 hit, 1 error, 1 left on base; Jacksonville 0 - Mississippi 0 |
BOTTOM OF THE 5TH |
Mississippi Braves batting - Pitching for Jacksonville Suns : RHP Jorge Lara
|
Batting: SHB Jose Melendez
|
0-0: Ball 1-0: Ball 2-0: Foul Ball, location: 2F 2-1: Called Strike 2-2: Foul Ball, location: 2F 2-2: Ball 3-2: Ground out 5-3 (Groundball, 56, EV 91.2 MPH)
|
Batting: RHB Hieronim Rutkowski
|
0-0: Ball 1-0: Fly out, F9 (Line Drive, 89M, EV 105.0 MPH)
|
Batting: RHB Jose Ramos
|
0-0: Called Strike 0-1: Called Strike 0-2: Ball 1-2: Strikes out swinging
|
Bottom of the 5th over - 0 runs, 0 hits, 0 errors, 0 left on base; Jacksonville 0 - Mississippi 0 |
TOP OF THE 6TH |
Jacksonville Suns batting - Pitching for Mississippi Braves : RHP Andy Kiefer
|
Batting: RHB Boof Howell
|
0-0: Ball 1-0: Ball 2-0: Fly out, F8 (Line Drive, 8LM, EV 104.4 MPH)
|
Batting: RHB Miguel Velasco
|
0-0: Ball 1-0: Ball 2-0: Called Strike 2-1: SINGLE (Groundball, 4MD, EV 100.6 MPH)
|
Batting: LHB Matt McKeon
|
0-0: DOUBLE (Flyball, 89D, EV 109.4 MPH) Miguel Velasco to third Runner from 3rd tries for Home, SAFE, no throw by CF
|
Batting: RHB Akira Suzuki
|
0-0: Ball Balk! Matt McKeon to third 1-0: Called Strike 1-1: Swinging Strike 1-2: Ball 2-2: Ground out 4-3 (Groundball, 4, EV 103.8 MPH)
|
Batting: LHB Dong-u Chang
|
0-0: Intentional Walk
|
Pitching: RHP Gordon Cushing
|
|
Batting: RHB Larry LeFever
|
0-0: Ball 1-0: Foul Ball, location: 2F 1-1: Ball 2-1: Called Strike 2-2: Ball 3-2: DOUBLE (Line Drive, 89D, EV 111.2 MPH) Matt McKeon scores Dong-u Chang to third Dong-u Chang scores
|
Batting: RHB Tom Thompson
|
0-0: Ball 1-0: Swinging Strike 1-1: Fly out, F3 (Popup, 3SF, EV 82.5 MPH)
|
Top of the 6th over - 3 runs, 3 hits, 0 errors, 1 left on base; Jacksonville 3 - Mississippi 0 |
BOTTOM OF THE 6TH |
Mississippi Braves batting - Pitching for Jacksonville Suns : RHP Jorge Lara
|
Batting: RHB Jordan Martin
|
0-0: Ball 1-0: Ground out 6-3 (Groundball, 6, EV 88.8 MPH)
|
Batting: RHB Alex Velasquez
|
0-0: Called Strike 0-1: Swinging Strike 0-2: Strikes out swinging
|
Batting: LHB Sal Fernandez
|
0-0: Called Strike 0-1: Foul Ball, location: 2F 0-2: Ball 1-2: Ball 2-2: Ball 3-2: Foul Ball, location: 2F 3-2: Ground out 4-3 (Groundball, 4, EV 87.5 MPH)
|
Bottom of the 6th over - 0 runs, 0 hits, 0 errors, 0 left on base; Jacksonville 3 - Mississippi 0 |
TOP OF THE 7TH |
Jacksonville Suns batting - Pitching for Mississippi Braves : RHP Gordon Cushing
|
Batting: LHB Orlando Rivera
|
0-0: Called Strike 0-1: Swinging Strike 0-2: Strikes out swinging
|
Batting: RHB Alberto Bravo
|
0-0: Fly out, F8 (Flyball, 8LXD, EV 91.9 MPH)
|
Batting: RHB Boof Howell
|
0-0: Ball 1-0: Ground out 6-3 (Groundball, 6, EV 86.2 MPH)
|
Top of the 7th over - 0 runs, 0 hits, 0 errors, 0 left on base; Jacksonville 3 - Mississippi 0 |
BOTTOM OF THE 7TH |
Mississippi Braves batting - Pitching for Jacksonville Suns : RHP Jorge Lara
|
Batting: RHB Justin Reich
|
0-0: Ball 1-0: Called Strike 1-1: Called Strike 1-2: Ball 2-2: TRIPLE (Flyball, 78XD, EV 100.6 MPH)
|
Batting: LHB Art D'Ascenzo
|
0-0: Ball 1-0: Fly out, F9 (Flyball, 89D, EV 92.5 MPH) Runner from 3rd tags up, SCORES, no throw by RF
|
Batting: RHB Yojiro Hayashi
|
0-0: Ball 1-0: Ball 2-0: Ball 3-0: Called Strike 3-1: Base on Balls
|
Batting: SHB Jose Melendez
|
0-0: Called Strike 0-1: Grounds into double play, 5-4-3 (Groundball, 56S, EV 93.8 MPH)
|
Bottom of the 7th over - 1 run, 1 hit, 0 errors, 0 left on base; Jacksonville 3 - Mississippi 1 |
TOP OF THE 8TH |
Jacksonville Suns batting - Pitching for Mississippi Braves : RHP Gordon Cushing
|
Batting: RHB Miguel Velasco
|
0-0: Swinging Strike 0-1: Ball 1-1: Foul Ball, location: 2F 1-2: Strikes out looking
|
Batting: LHB Matt McKeon
|
0-0: Ball 1-0: Called Strike 1-1: Swinging Strike 1-2: Strikes out swinging
|
Batting: RHB Akira Suzuki
|
0-0: Ball 1-0: Ground out 4-3 (Groundball, 4MS, EV 95.0 MPH)
|
Top of the 8th over - 0 runs, 0 hits, 0 errors, 0 left on base; Jacksonville 3 - Mississippi 1 |
BOTTOM OF THE 8TH |
Mississippi Braves batting - Pitching for Jacksonville Suns : RHP Jorge Lara
|
Pitching: RHP Campbell Wagenmakers
|
|
Batting: RHB Hieronim Rutkowski
|
0-0: Called Strike 0-1: Ground out 5-3 (Groundball, 56, EV 85.0 MPH)
|
Pinch Hitting: LHB Cesar Arteaga
|
0-0: Called Strike 0-1: Ball 1-1: Swinging Strike 1-2: SINGLE (Line Drive, 89S, EV 98.8 MPH)
|
Batting: RHB Jordan Martin
|
0-0: SINGLE (Line Drive, 6MD, EV 88.8 MPH) Cesar Arteaga to second
|
Pinch Hitting: SHB David Beauchamp
|
0-0: Ground out 3-1 (Groundball, 13, EV 84.4 MPH) Cesar Arteaga to third Jordan Martin to second
|
Batting: LHB Sal Fernandez
|
0-0: Called Strike 0-1: Ball 1-1: Called Strike 1-2: Ball 2-2: Ball 3-2: DOUBLE (Line Drive, 7LS, EV 98.8 MPH) Cesar Arteaga scores Jordan Martin scores
|
Batting: RHB Justin Reich
|
0-0: Called Strike 0-1: Foul Ball, location: 2F 0-2: Ball 1-2: Ball 2-2: Foul Ball, location: 2F 2-2: Fly out, F8 (Flyball, 8LD, EV 95.0 MPH)
|
Bottom of the 8th over - 2 runs, 3 hits, 0 errors, 1 left on base; Jacksonville 3 - Mississippi 3 |
TOP OF THE 9TH |
Jacksonville Suns batting - Pitching for Mississippi Braves : RHP Gordon Cushing
|
Pitching: RHP Brendan Graham
|
|
Now at 2B: David Beauchamp
|
|
Now at SS: Justin Reich
|
|
Now in RF: Luis Cruz
|
|
Batting: LHB Dong-u Chang
|
0-0: Called Strike 0-1: Called Strike 0-2: Ball 1-2: Strikes out swinging
|
Pinch Hitting: LHB Carlos Mosqueda
|
0-0: Foul Ball, location: 2F 0-1: Ball 1-1: Foul Ball, location: 2F 1-2: Foul Ball, location: 2F 1-2: Ball 2-2: Ground out U3 (Groundball, 3L, EV 104.4 MPH)
|
Pinch Hitting: SHB Matt Moore
|
0-0: Foul Ball, location: 2F 0-1: Swinging Strike 0-2: Strikes out swinging
|
Top of the 9th over - 0 runs, 0 hits, 0 errors, 0 left on base; Jacksonville 3 - Mississippi 3 |
BOTTOM OF THE 9TH |
Mississippi Braves batting - Pitching for Jacksonville Suns : RHP Campbell Wagenmakers
|
Pitching: RHP Chris Forster
|
|
Now at C: Emilio Cordero
|
|
Now in LF: Matt Moore
|
|
Batting: LHB Art D'Ascenzo
|
0-0: Swinging Strike 0-1: Fly out, F9 (Line Drive, 9LM, EV 98.8 MPH)
|
Batting: RHB Yojiro Hayashi
|
0-0: Called Strike 0-1: Swinging Strike 0-2: Strikes out swinging
|
Batting: SHB Jose Melendez
|
0-0: Called Strike 0-1: Swinging Strike 0-2: Strikes out swinging
|
Bottom of the 9th over - 0 runs, 0 hits, 0 errors, 0 left on base; Jacksonville 3 - Mississippi 3 |
TOP OF THE 10TH |
Jacksonville Suns batting - Pitching for Mississippi Braves : RHP Brendan Graham
|
Batting: LHB Orlando Rivera
|
0-0: Ball 1-0: Ball 2-0: Ground out 4-3 (Groundball, 4, EV 101.9 MPH)
|
Batting: RHB Alberto Bravo
|
0-0: Ball 1-0: Called Strike 1-1: Foul Ball, location: 2F 1-2: Strikes out looking
|
Batting: RHB Boof Howell
|
0-0: Swinging Strike 0-1: Ball 1-1: Ball 2-1: Ball 3-1: Base on Balls
|
Batting: RHB Miguel Velasco
|
0-0: Called Strike 0-1: Called Strike Boof Howell is caught stealing 2nd base 2-4
|
Top of the 10th over - 0 runs, 0 hits, 0 errors, 0 left on base; Jacksonville 3 - Mississippi 3 |
BOTTOM OF THE 10TH |
Mississippi Braves batting - Pitching for Jacksonville Suns : RHP Chris Forster
|
Batting: RHB Hieronim Rutkowski
|
0-0: Ball 1-0: Foul Ball, location: 2F 1-1: Ball 2-1: Swinging Strike 2-2: Strikes out swinging
|
Batting: LHB Luis Cruz
|
0-0: Called Strike 0-1: Fly out, F7 (Line Drive, 78M, EV 92.5 MPH)
|
Batting: RHB Jordan Martin
|
0-0: SINGLE (Line Drive, 7LS, EV 109.4 MPH)
|
Batting: SHB David Beauchamp
|
0-0: Foul Ball, location: 2F 0-1: Called Strike 0-2: Ball 1-2: Foul Ball, location: 2F 1-2: Hit by Pitch Jordan Martin to second
|
Batting: LHB Sal Fernandez
|
0-0: Ball 1-0: Fly out, F5 (Popup, 5F, EV 68.8 MPH)
|
Bottom of the 10th over - 0 runs, 1 hit, 0 errors, 2 left on base; Jacksonville 3 - Mississippi 3 |
TOP OF THE 11TH |
Jacksonville Suns batting - Pitching for Mississippi Braves : RHP Brendan Graham
|
Batting: RHB Miguel Velasco
|
0-0: Ball 1-0: Called Strike 1-1: Ball 2-1: Ball 3-1: Base on Balls
|
Pitching: RHP Omar Orosco
|
|
Batting: LHB Matt McKeon
|
0-0: Foul Ball, location: 2F 0-1: Foul Ball, location: 2F 0-2: Strikes out swinging
|
Batting: RHB Akira Suzuki
|
0-0: Foul Ball, location: 2F 0-1: Swinging Strike 0-2: Foul Ball, location: 2F 0-2: Strikes out swinging
|
Batting: LHB Dong-u Chang
|
0-0: Called Strike 0-1: Ball 1-1: Ball 2-1: SINGLE (Line Drive, 78S, EV 86.9 MPH) Miguel Velasco to second
|
Batting: LHB Emilio Cordero
|
0-0: Ball 1-0: Foul Ball, location: 2F 1-1: Ball 2-1: Ground out 4-3 (Groundball, 4, EV 105.0 MPH)
|
Top of the 11th over - 0 runs, 1 hit, 0 errors, 2 left on base; Jacksonville 3 - Mississippi 3 |
BOTTOM OF THE 11TH |
Mississippi Braves batting - Pitching for Jacksonville Suns : RHP Chris Forster
|
Pitching: RHP Matt Alexander
|
|
Batting: RHB Justin Reich
|
0-0: Ground out 4-3 (Groundball, 4, EV 107.5 MPH)
|
Batting: LHB Art D'Ascenzo
|
0-0: Ground out 6-3 (Groundball, 6, EV 83.1 MPH)
|
Batting: RHB Yojiro Hayashi
|
0-0: Ball 1-0: Ball 2-0: Ball 3-0: Base on Balls
|
Batting: SHB Jose Melendez
|
0-0: Called Strike 0-1: Foul Ball, location: 2F 0-2: Fly out, F7 (Flyball, 7D, EV 83.8 MPH)
|
Bottom of the 11th over - 0 runs, 0 hits, 0 errors, 1 left on base; Jacksonville 3 - Mississippi 3 |
TOP OF THE 12TH |
Jacksonville Suns batting - Pitching for Mississippi Braves : RHP Omar Orosco
|
Batting: SHB Matt Moore
|
0-0: Called Strike 0-1: Ball 1-1: Swinging Strike 1-2: Foul Ball, location: 2F 1-2: Ball 2-2: Strikes out looking
|
Batting: LHB Orlando Rivera
|
0-0: Ball 1-0: Ball 2-0: Swinging Strike 2-1: Foul Ball, location: 2F 2-2: Foul Ball, location: 2F 2-2: Foul Ball, location: 2F 2-2: Ball 3-2: Fly out, F7 (Flyball, 7D, EV 83.1 MPH)
|
Batting: RHB Alberto Bravo
|
0-0: Ball 1-0: Called Strike 1-1: Swinging Strike 1-2: Foul Ball, location: 2F 1-2: Strikes out swinging
|
Top of the 12th over - 0 runs, 0 hits, 0 errors, 0 left on base; Jacksonville 3 - Mississippi 3 |
BOTTOM OF THE 12TH |
Mississippi Braves batting - Pitching for Jacksonville Suns : RHP Matt Alexander
|
Batting: RHB Hieronim Rutkowski
|
0-0: Ball 1-0: Foul Ball, location: 2F 1-1: Swinging Strike 1-2: Foul Ball, location: 2F 1-2: Ball 2-2: Ball 3-2: Foul Ball, location: 2F 3-2: Fly out, F9 (Flyball, 9LD, EV 98.8 MPH)
|
Batting: LHB Luis Cruz
|
0-0: Ball 1-0: Ball 2-0: Ball 3-0: Base on Balls
|
Batting: RHB Jordan Martin
|
0-0: Called Strike Luis Cruz steals 2nd base (no throw) 0-1: Fly out, F8 (Line Drive, 8LM, EV 91.2 MPH)
|
Batting: SHB David Beauchamp
|
0-0: Foul Ball, location: 2F 0-1: Foul Ball, location: 2F 0-2: Fly out, F6 (Popup, 4MD, EV 46.9 MPH)
|
Bottom of the 12th over - 0 runs, 0 hits, 0 errors, 1 left on base; Jacksonville 3 - Mississippi 3 |
TOP OF THE 13TH |
Jacksonville Suns batting - Pitching for Mississippi Braves : RHP Omar Orosco
|
Pitching: RHP Alfredo Leiva
|
|
Batting: RHB Boof Howell
|
0-0: Ball 1-0: Ground out 2-3 (Groundball, 2L, EV 69.4 MPH)
|
Batting: RHB Miguel Velasco
|
0-0: Ball 1-0: SINGLE (Flyball, 56D, EV 83.8 MPH)
|
Batting: LHB Matt McKeon
|
0-0: Ball 1-0: Called Strike 1-1: Foul Ball, location: 2F 1-2: Strikes out swinging
|
Batting: RHB Akira Suzuki
|
0-0: Ball 1-0: Called Strike 1-1: Ball 2-1: Foul Ball, location: 2F 2-2: Ball 3-2: Base on Balls Miguel Velasco to second
|
Batting: LHB Dong-u Chang
|
0-0: Called Strike 0-1: Ball 1-1: Ground out 2-3 (Groundball, 15S, EV 71.9 MPH)
|
Top of the 13th over - 0 runs, 1 hit, 0 errors, 2 left on base; Jacksonville 3 - Mississippi 3 |
BOTTOM OF THE 13TH |
Mississippi Braves batting - Pitching for Jacksonville Suns : RHP Matt Alexander
|
Pitching: LHP Tyler Murders
|
|
Pinch Hitting: RHB Corey Dalton
|
0-0: Called Strike 0-1: Foul Ball, location: 2F 0-2: Ground out 5-3 (Groundball, 56, EV 82.5 MPH)
|
Batting: RHB Justin Reich
|
0-0: Called Strike 0-1: Ball 1-1: Foul Ball, location: 2F 1-2: Foul Ball, location: 2F 1-2: Strikes out swinging
|
Batting: LHB Art D'Ascenzo
|
0-0: Ball 1-0: Swinging Strike 1-1: Ball 2-1: Foul Ball, location: 2F 2-2: Foul Ball, location: 2F 2-2: Ball 3-2: SINGLE (Groundball, 4MD, EV 107.5 MPH)
|
Batting: RHB Yojiro Hayashi
|
0-0: Called Strike 0-1: Swinging Strike 0-2: Ball 1-2: Foul Ball, location: 2F 1-2: Fly out, F8 (Flyball, 8RXD, EV 73.8 MPH)
|
Bottom of the 13th over - 0 runs, 1 hit, 0 errors, 1 left on base; Jacksonville 3 - Mississippi 3 |
TOP OF THE 14TH |
Jacksonville Suns batting - Pitching for Mississippi Braves : RHP Alfredo Leiva
|
Now in LF: Tony Zizumbo
|
|
Batting: LHB Emilio Cordero
|
0-0: Ball 1-0: Foul Ball, location: 2F 1-1: Ball 2-1: Ball 3-1: Base on Balls
|
Batting: SHB Matt Moore
|
0-0: Ball 1-0: Ball 2-0: Fly out, F8 (Flyball, 78D, EV 91.2 MPH)
|
Batting: LHB Orlando Rivera
|
0-0: Foul Ball, location: 2F 0-1: Ball 1-1: Fielders Choice at 2nd, 3-6 (Groundball, 3S, EV 90.0 MPH)
|
Batting: RHB Alberto Bravo
|
0-0: Ball 1-0: Called Strike 1-1: Ball 2-1: Fielders Choice at 2nd, 5-4 (Groundball, 56, EV 86.2 MPH)
|
Top of the 14th over - 0 runs, 0 hits, 0 errors, 1 left on base; Jacksonville 3 - Mississippi 3 |
BOTTOM OF THE 14TH |
Mississippi Braves batting - Pitching for Jacksonville Suns : LHP Tyler Murders
|
Batting: SHB Jose Melendez
|
0-0: Ball 1-0: Called Strike 1-1: Ball 2-1: Fly out, F3 (Popup, 23F, EV 88.8 MPH)
|
Batting: RHB Hieronim Rutkowski
|
0-0: Called Strike 0-1: Ball 1-1: Ball 2-1: Foul Ball, location: 2F 2-2: Foul Ball, location: 2F 2-2: Ball 3-2: Foul Ball, location: 2F 3-2: DOUBLE (Flyball, 8LXD, EV 87.5 MPH)
|
Pinch Hitting: RHB Tim Molchan
|
0-0: Ball Hieronim Rutkowski steals 3rd base 1-0: Called Strike 1-1: Ball 2-1: Ball 3-1: Base on Balls
|
Batting: RHB Jordan Martin
|
0-0: Ball 1-0: Fly out, F7 (Line Drive, 7S, EV 98.1 MPH)
|
Batting: SHB David Beauchamp
|
0-0: Fielders Choice at 2nd, 6-4 (Groundball, 6, EV 94.4 MPH)
|
Bottom of the 14th over - 0 runs, 1 hit, 0 errors, 2 left on base; Jacksonville 3 - Mississippi 3 |
TOP OF THE 15TH |
Jacksonville Suns batting - Pitching for Mississippi Braves : RHP Alfredo Leiva
|
Pitching: RHP Damian Molina
|
|
Now in RF: Ingidayehu Lagat
|
|
Batting: RHB Boof Howell
|
0-0: Called Strike 0-1: Ball 1-1: Ball 2-1: Fly out, F7 (Flyball, 78S, EV 90.6 MPH)
|
Batting: RHB Miguel Velasco
|
0-0: Called Strike 0-1: Foul Ball, location: 2F 0-2: Ball 1-2: Ball 2-2: Foul Ball, location: 2F 2-2: Strikes out swinging
|
Batting: LHB Matt McKeon
|
0-0: Ball 1-0: Ball 2-0: Called Strike 2-1: Ball 3-1: Swinging Strike 3-2: Strikes out swinging
|
Top of the 15th over - 0 runs, 0 hits, 0 errors, 0 left on base; Jacksonville 3 - Mississippi 3 |
BOTTOM OF THE 15TH |
Mississippi Braves batting - Pitching for Jacksonville Suns : LHP Tyler Murders
|
Pinch Hitting: RHB Jose Garate
|
0-0: Foul Ball, location: 2F 0-1: SINGLE (Groundball, 6, EV 99.4 MPH)
|
Batting: RHB Justin Reich
|
0-0: Sac Bunt to 13 - play at first, batter OUT! 1-3 Jose Garate to second
|
Batting: LHB Art D'Ascenzo
|
0-0: Called Strike 0-1: Ball 1-1: Fly out, F8 (Flyball, 8RS, EV 86.9 MPH)
|
Batting: RHB Yojiro Hayashi
|
0-0: Foul Ball, location: 2F 0-1: Ball 1-1: Ball 2-1: Ball 3-1: Base on Balls
|
Batting: SHB Jose Melendez
|
0-0: Ground out 4-3 (Groundball, 4, EV 83.1 MPH)
|
Bottom of the 15th over - 0 runs, 1 hit, 0 errors, 2 left on base; Jacksonville 3 - Mississippi 3 |
TOP OF THE 16TH |
Jacksonville Suns batting - Pitching for Mississippi Braves : RHP Damian Molina
|
Now in LF: Luis Restrepo
|
|
Batting: RHB Akira Suzuki
|
0-0: Ball 1-0: Foul Ball, location: 2F 1-1: Ground out 1-3 (Groundball, 15S, EV 68.8 MPH)
|
Batting: LHB Dong-u Chang
|
0-0: Called Strike 0-1: Called Strike 0-2: Ball 1-2: Foul Ball, location: 2F 1-2: Ground out 4-3 (Groundball, 4D, EV 102.5 MPH)
|
Batting: LHB Emilio Cordero
|
0-0: Called Strike 0-1: Ball 1-1: Ball 2-1: Ground out U3 (Groundball, 34S, EV 93.1 MPH)
|
Top of the 16th over - 0 runs, 0 hits, 0 errors, 0 left on base; Jacksonville 3 - Mississippi 3 |
BOTTOM OF THE 16TH |
Mississippi Braves batting - Pitching for Jacksonville Suns : LHP Tyler Murders
|
Batting: RHB Hieronim Rutkowski
|
0-0: Ball 1-0: Ground out 6-3 (Groundball, 6S, EV 78.1 MPH)
|
Batting: RHB Ingidayehu Lagat
|
0-0: Ball 1-0: Ball 2-0: Called Strike 2-1: DOUBLE (Line Drive, 89M, EV 94.4 MPH)
|
Batting: RHB Jordan Martin
|
0-0: 2-RUN HOME RUN (Flyball, 7LD, EV 94.4 MPH), Distance : 358 ft
|
Bottom of the 16th over - 2 runs, 2 hits, 0 errors, 0 left on base; Jacksonville 3 - Mississippi 5 |
|